 Dungeon Sprint DCSS version 0.31-a0-960-g0fca184906 (webtiles) character file.

Game seed: 4242608921140607325

21980 sircluck the Brawler (level 12, 0/141 HPs)
             Began as a Troll Berserker on Oct 23, 2023.
             Was a Priest of Trog.
             Killed from afar by Sipsojok the pandemonium lord (35 damage)
             ... with damnation
             ... in the Dungeon (Sprint VII: "The Pits").
             The game lasted 00:06:36 (1777 turns).

sircluck the Brawler (Troll Berserker)              Turns: 1777, Time: 00:06:37

Health: 0/141      AC: 12    Str: 39    XL:     12   Next: 59%
Magic:  11/11      EV: 13    Int:  2    God:    Trog [***...]
Gold:   53         SH:  0    Dex:  8    Spells: 11/11 levels left

rFire   . .          .
                       - Unarmed
rCold   . . .        (no shield)
rNeg    . . .        k - +0 steam dragon scales
rPois   .            p - +1 hat
rElec   .            z - +0 cloak
rCorr   .            (gloves unavailable)
SInv    .            (boots unavailable)
Will    +....        (no amulet)
Stlth   +            l - +3 ring of strength
HPRegen 1.23/turn    u - ring of willpower
MPRegen 0.12/turn

%: no teleportation
@: no status effects
A: large, unfitting armour, claws 3, regeneration 1, shaggy fur 1, tough skin 1,
strong 1
a: Renounce Religion, Berserk, Trog's Hand


You were in the Dungeon.
You worshipped Trog.
Trog was most pleased with you.
You visited 1 branch You collected 53 gold pieces.

Inventory:

Missiles
 q - 6 large rocks
 y - 3 atropa-tipped darts
Armour
 a - a +0 animal skin
 k - +0 steam dragon scales (worn)
 p - a +1 hat (worn)
 z - a +0 cloak (worn)
Jewellery
 l - a +3 ring of strength (left claw)
 m - a +3 ring of intelligence
 u - a ring of willpower (right claw)
 x - a ring of protection from fire
Wands
 v - a wand of roots (1)
Scrolls
 g - 3 scrolls of blinking
 i - 2 scrolls of vulnerability
 j - a scroll of summoning
 r - 2 scrolls of fog
 s - a scroll of fear
 t - 3 scrolls of identify
Potions
 b - 9 potions of curing
 c - 12 potions of heal wounds
 d - a potion of haste
 e - 5 potions of magic
 f - 5 potions of berserk rage
 h - 2 potions of invisibility
 n - 2 potions of mutation
 o - a potion of might
 w - a potion of attraction


   Skills:
 + Level 15.0 Fighting
 + Level 12.6 Armour
 + Level 14.9 Dodging
 + Level 17.5 Unarmed Combat


You had 11 spell levels left.
You didn't know any spells.
Your spell library was empty.

Dungeon Overview and Level Annotations

Branches:
Dungeon (1/1)

Altars:
Ashenzari
Cheibriados
Dithmenos
Elyvilon
Fedhas
Gozag
Hepliaklqana
Kikubaaqudgha
Makhleb
Nemelex Xobeh
Okawaru
Qazlal
Ru
Sif Muna
Trog
Uskayaw
Vehumet
Wu Jian
Xom
Yredelemnul
Zin
The Shining One
Jiyva
Lugonu


Innate Abilities, Weirdness & Mutations

You are too large for most types of armour.
You have claws for hands.
Your natural rate of healing is unusually fast.
You are covered in fur. (AC +1)
You have tough skin. (AC +1)
Your muscles are strong. (Str +4, Int/Dex -1)


Message History

Unknown command.
Unknown command.
Unknown command.
Unknown command.
Your ogre goes berserk!
Trog will no longer gift you weapons.
Your two-headed ogre is engulfed in blessed fire.
Unknown command.
Unknown command.
Unknown command.
Your black bear goes berserk!
You can no longer call in reinforcements.
Your two-headed ogre is engulfed in blessed fire.
The deep elf blademaster closely misses your black bear.
The deep elf blademaster hits your black bear with a +0 short sword.
Your ogre rages.
Your two-headed ogre is engulfed in blessed fire.
Unknown command.
Unknown command.
Unknown command.
The death knight's dark mirror aura disappears.
The deep elf blademaster hits your black bear with a +0 short sword! x2
Sipsojok gestures at you.
The sphere of damnation explodes!
The damnation engulfs you!! The damnation engulfs your black bear!!
Your black bear dies!
Your black bear's corpse disappears in a puff of smoke!
The damnation engulfs your two-headed ogre!!!
The ophan calls forth blessed flames!
Blessed fire suddenly surrounds you!
Your two-headed ogre is engulfed in blessed fire.
Unknown command.
You swap places.
You are engulfed in blessed fire.
* * * LOW HITPOINT WARNING * * *
The deep elf blademaster hits your two-headed ogre with a +0 short sword!!
Your two-headed ogre dies!
Your two-headed ogre's corpse disappears in a puff of smoke!
Sipsojok gestures at you.
The sphere of damnation explodes!
The damnation engulfs you!!
You die...

... .G. #p# #J#
#&# #e# #ยง# #'#
#@# #O# #.# #'#
#.# #'# #.# #)#
################)#


You could see Sipsojok, a deep elf blademaster, an ophan, an azure jelly, a
death knight and a friendly ogre (summoned, berserk).

Vanquished Creatures
  Gastronok (D)
  A storm dragon (D)
  A nagaraja (D)
  A ghost moth (D)
  A draconian scorcher (D)
  An alligator snapping turtle (D)
  A deep troll shaman (D)
  A death yak (D)
  3 demonic crawlers (D)
  A spriggan (D)
  2 lindwurms (D)
  A bog body (D)
  A manticore (D)
  A black mamba (D)
  An elephant (D)
  A guardian serpent (D)
  A molten gargoyle (D)
  A gargoyle (D)
  An ice devil (D)
  A komodo dragon (D)
  A red devil (D)
  A tyrant leech (D)
  A guardian mummy (D)
  A polar bear (D)
  A tarantella (D)
  A hornet (D)
  A wind drake (D)
  5 blink frogs (D)
  2 jumping spiders (D)
  A shadow (D)
  A fire bat (D)
  A flying skull (D)
  A wraith (D)
  2 steam dragons (D)
  A redback (D)
  An ice beast (D)
  A phantom (D)
  A bullfrog (D)
  2 necrophages (D)
  A scorpion (D)
  An earth elemental (D)
  3 wights (D)
  A quasit (D)
  A hound (D)
  An iron imp (D)
  An orc wizard (D)
  An adder (D)
  A white imp (D)
  An adder skeleton (D)
  5 orcs (D)
  A bat (D)
  An endoplasm (D)
  A giant cockroach (D)
  A goblin (D)
  4 jackals (D)
  3 quokkas (D)
  A ball python simulacrum (D)
  A ball python skeleton (D)
79 creatures vanquished.

Vanquished Creatures (collateral kills)
  A curse toe (D)
  A tentacled monstrosity (D)
  An elephant (D)
  A cyclops (D)
  A merfolk siren (D)
  A gargoyle (D)
  A rime drake (D)
  A guardian mummy (D)
  A quasit (D)
  Jessica (D)
10 creatures vanquished.

Grand Total: 89 creatures vanquished

Notes
Turn   | Place    | Note
-------+----------+-------------------------------------------
     0 | D        | sircluck the Troll Berserker began the quest for the Orb.
     0 | D        | Reached XP level 1. HP: 22/22 MP: 0/0
    25 | D        | Found a bloodstained altar of Trog.
    25 | D        | Found a shimmering blue altar of Sif Muna.
    25 | D        | Found a viscous altar of Jiyva.
    25 | D        | Found a hazy altar of Hepliaklqana.
    25 | D        | Found an opulent altar of Gozag.
    26 | D        | Found a glowing golden altar of the Shining One.
    26 | D        | Found a glowing silver altar of Zin.
    26 | D        | Found a basalt altar of Yredelemnul.
    26 | D        | Found a shimmering altar of Xom.
    26 | D        | Found an ornate altar of the Wu Jian Council.
    26 | D        | Found a sacrificial altar of Ru.
    26 | D        | Found a stormy altar of Qazlal.
    26 | D        | Found an iron altar of Okawaru.
    26 | D        | Found a sparkling altar of Nemelex Xobeh.
    26 | D        | Found a burning altar of Makhleb.
    26 | D        | Found a blossoming altar of Fedhas.
    26 | D        | Found a white marble altar of Elyvilon.
    26 | D        | Found a shadowy altar of Dithmenos.
    26 | D        | Found a snail-covered altar of Cheibriados.
    29 | D        | Found a corrupted altar of Lugonu.
    29 | D        | Found a radiant altar of Vehumet.
    30 | D        | Found an ancient bone altar of Kikubaaqudgha.
    30 | D        | Found a hide-covered altar of Uskayaw.
    30 | D        | Found a broken altar of Ashenzari.
    73 | D        | Reached XP level 2. HP: 25/31 MP: 1/1
    73 | D        | Reached ** piety under Trog
    89 | D        | Reached skill level 4 in Unarmed Combat
    94 | D        | Noticed a scorpion
   108 | D        | Killed a scorpion
   108 | D        | Reached *** piety under Trog
   109 | D        | Reached skill level 5 in Unarmed Combat
   109 | D        | Reached XP level 3. HP: 35/40 MP: 2/2
   109 | D        | Reached XP level 4. HP: 43/49 MP: 3/3
   169 | D        | Reached **** piety under Trog
   175 | D        | Reached skill level 5 in Fighting
   175 | D        | Reached skill level 5 in Dodging
   175 | D        | Reached skill level 6 in Unarmed Combat
   180 | D        | HP: 2/48 [wight/+5 great sword (1)]
   187 | D        | Reached XP level 5. HP: 27/59 MP: 4/4
   228 | D        | Reached ***** piety under Trog
   229 | D        | Reached skill level 7 in Unarmed Combat
   240 | D        | Reached XP level 6. HP: 45/68 MP: 5/5
   246 | D        | Received a gift from Trog
   247 | D        | Reached skill level 8 in Unarmed Combat
   275 | D        | Noticed a fire bat
   284 | D        | Killed a fire bat
   285 | D        | Reached skill level 9 in Unarmed Combat
   285 | D        | Reached XP level 7. HP: 70/79 MP: 6/6
   293 | D        | Noticed a steam dragon
   299 | D        | Killed a steam dragon
   302 | D        | Noticed a flying skull
   308 | D        | Killed a flying skull
   309 | D        | Reached skill level 1 in Armour
   309 | D        | Reached skill level 10 in Unarmed Combat
   325 | D        | Received a gift from Trog
   338 | D        | Noticed a black mamba
   339 | D        | Noticed a polar bear
   344 | D        | Killed a black mamba
   345 | D        | Reached XP level 8. HP: 92/92 MP: 7/7
   353 | D        | Killed a polar bear
   354 | D        | Reached skill level 11 in Unarmed Combat
   386 | D        | Gained mutation: Your body sometimes deteriorates upon
                  | taking damage. [potion of mutation]
   386 | D        | Gained mutation: You are partially covered in iridescent
                  | scales. (AC +2) [potion of mutation]
   386 | D        | Gained mutation: You have a pair of small antennae on your
                  | head. [potion of mutation]
   386 | D        | Gained mutation: Your spells are a little harder to cast,
                  | but a little more powerful. [potion of mutation]
   387 | D        | Lost mutation: You have a pair of small antennae on your
                  | head. [potion of mutation]
   387 | D        | Lost mutation: Your body sometimes deteriorates upon taking
                  | damage. [potion of mutation]
   387 | D        | Gained mutation: You are agile. (Dex +4, Str/Int -1)
                  | [potion of mutation]
   387 | D        | Gained mutation: Your system is resistant to poisons.
                  | (rPois) [potion of mutation]
   449 | D        | Noticed a merfolk siren
   449 | D        | Noticed Gastronok
   455 | D        | Killed a merfolk siren
   463 | D        | Killed Gastronok
   464 | D        | Reached skill level 10 in Fighting
   464 | D        | Reached skill level 10 in Dodging
   464 | D        | Reached skill level 12 in Unarmed Combat
   464 | D        | Reached XP level 9. HP: 102/102 MP: 8/8
   488 | D        | Noticed an elephant
   488 | D        | Noticed a cyclops
   492 | D        | Killed an elephant
   493 | D        | Noticed a gargoyle
   493 | D        | Killed a cyclops
   493 | D        | Received a gift from Trog
   498 | D        | Killed a gargoyle
   499 | D        | Reached skill level 13 in Unarmed Combat
   499 | D        | Reached XP level 10. HP: 97/114 MP: 9/9
   506 | D        | Noticed a gargoyle
   506 | D        | Noticed a demonic crawler
   506 | D        | Killed a gargoyle
   515 | D        | Killed a demonic crawler
   584 | D        | Noticed a death yak
   591 | D        | Killed a death yak
   598 | D        | Received a gift from Trog
   601 | D        | Noticed a molten gargoyle
   606 | D        | Killed a molten gargoyle
   606 | D        | Reached ****** piety under Trog
   607 | D        | Reached skill level 14 in Unarmed Combat
   645 | D        | Noticed a lindwurm
   691 | D        | Noticed a nagaraja
   703 | D        | Killed a lindwurm
   709 | D        | Killed a nagaraja
   709 | D        | Received a gift from Trog
   710 | D        | Reached XP level 11. HP: 60/124 MP: 10/10
   843 | D        | Noticed Jessica
   843 | D        | Noticed a lindwurm
   850 | D        | Received a gift from Trog
   854 | D        | Reached skill level 15 in Unarmed Combat
   859 | D        | Killed Jessica
   859 | D        | Received a gift from Trog
   860 | D        | Killed a lindwurm
   861 | D        | Reached skill level 10 in Armour
  1008 | D        | Lost mutation: You are agile. (Dex +4, Str/Int -1) [potion
                  | of mutation]
  1008 | D        | Lost mutation: Your system is resistant to poisons. (rPois)
                  | [potion of mutation]
  1008 | D        | Lost mutation: Your spells are a little harder to cast, but
                  | a little more powerful. [potion of mutation]
  1008 | D        | Gained mutation: You have hidden genetic defects. [potion
                  | of mutation]
  1008 | D        | Gained mutation: Your system is resistant to poisons.
                  | (rPois) [potion of mutation]
  1009 | D        | Lost mutation: Your system is resistant to poisons. (rPois)
                  | [potion of mutation]
  1009 | D        | Lost mutation: You are partially covered in iridescent
                  | scales. (AC +2) [potion of mutation]
  1009 | D        | Gained mutation: You have supernaturally acute eyesight.
                  | (SInv) [potion of mutation]
  1009 | D        | Lost mutation: You have hidden genetic defects. [potion of
                  | mutation]
  1010 | D        | Lost mutation: You have supernaturally acute eyesight.
                  | (SInv) [potion of mutation]
  1010 | D        | Gained mutation: Your muscles are strong. (Str +4, Int/Dex
                  | -1) [potion of mutation]
  1078 | D        | Received a gift from Trog
  1119 | D        | Noticed an alligator snapping turtle
  1119 | D        | Noticed a bog body
  1124 | D        | Killed a bog body
  1139 | D        | Killed an alligator snapping turtle
  1220 | D        | Noticed a demonic crawler
  1238 | D        | Killed a demonic crawler
  1239 | D        | Reached skill level 16 in Unarmed Combat
  1304 | D        | Received a gift from Trog
  1316 | D        | Noticed a spriggan rider
  1331 | D        | Killed a spriggan rider
  1410 | D        | Noticed a demonic crawler
  1422 | D        | Killed a demonic crawler
  1426 | D        | Reached XP level 12. HP: 23/139 MP: 11/11
  1539 | D        | Noticed a red draconian scorcher
  1551 | D        | Killed a red draconian scorcher
  1551 | D        | Received a gift from Trog
  1595 | D        | Noticed a storm dragon
  1601 | D        | Killed a storm dragon
  1656 | D        | Killed a ghost moth
  1703 | D        | Noticed a deep troll shaman
  1711 | D        | Killed a deep troll shaman
  1712 | D        | Reached skill level 17 in Unarmed Combat
  1754 | D        | Noticed an azure jelly
  1754 | D        | Noticed an ophan
  1754 | D        | Noticed Sipsojok the pandemonium lord
  1754 | D        | Noticed a death knight
  1754 | D        | Noticed a tentacled monstrosity
  1754 | D        | Noticed a deep elf blademaster
  1754 | D        | Noticed a curse toe
  1763 | D        | Killed a curse toe
  1771 | D        | Killed a tentacled monstrosity
  1772 | D        | Reached skill level 15 in Fighting
  1777 | D        | Killed from afar by Sipsojok the pandemonium lord

Illustrated notes

Levels and vault maps discovered:
D:        pitsprint [storerooms_1, entrance_room_1, metal_vault_7, armoury_3,
          mini_pit_1, grid_room_1, main_hall_1, silver_pit, the_coven_2,
          the_vestibule_1, steel_vault_5, golden_pit, hallway_of_sentries,
          crystal_vault_1, iron_vault_2, final_vault]

Skill      XL: |  1  2  3  4  5  6  7  8  9 10 11 12 |
---------------+-------------------------------------+-----
Fighting       | 3 4 5 6 7 9 10 11 12 14 15 | 15.0
Dodging        | 3 4 5 6 7 9 10 11 12 13 14 | 14.9
Unarmed Combat | 5 6 7 9 10 12 13 14 16 17 | 17.5
Armour         | 3 6 7 9 11 12 | 12.6

Action                     |  1- 3 |  4- 6 |  7- 9 | 10-12 || total
---------------------------+-------+-------+-------+-------++-------
  Melee: Unarmed           |    23 |    49 |    41 |   176 ||   289
         Punch             |       |     2 |     3 |    20 ||    25
 Invoke: Berserk           |       |       |     1 |     7 ||     8
         Brothers in Arms  |       |       |     2 |     8 ||    10
    Use: Potion            |       |     1 |     2 |     5 ||     8
   Stab: Distracted        |       |       |     2 |       ||     2
 Armour: Animal skin       |    14 |    51 |    16 |       ||    81
         Steam dragon scal |       |       |    15 |   155 ||   170
  Dodge: Dodged            |    11 |    56 |    12 |    97 ||   176

Table legend: (Time is in decaauts)
 A = Elapsed time spent in this place.
 B = Non-inter-level travel time spent in this place.
 C = Inter-level travel time spent in this place.
 D = Time resting spent in this place.
 E = Time spent auto-exploring this place.
 F = Levels seen in this place.
 G = Mean time per level.
                   A        B        C        D        E       F      G
               +--------+--------+--------+--------+--------+-----+--------+
         Total |   1794 |   1794 |      0 |    711 |    256 |   1 | 1794.0 |
       Dungeon |   1794 |   1794 |      0 |    711 |    256 |   1 | 1794.0 |
               +--------+--------+--------+--------+--------+-----+--------+

Top non-repeatable levels by time:
       D: 1794 daAuts
